← All builds
Tech / Armada / Economy first / OBSERVED BUILD

Standard tech

Armada Tech (Eco) build order · Supreme Isthmus

Rushes T2 factory and Advanced Metal Extractor while supplying T2 and T1 constructors to teammates like Geo, then transitions into Citadel/Platypus/Umbrella defence as the game develops.

Usually first T2 con to Geo (84%)

#eco #t2 #team support · 833 distinct matches · 112 players · 59% of Armada Tech games · team won 53% of 958 · Recently observed

HOW TO PLAY IT

Key timing: T2 factory by 4:15

  1. Open mex and wind, start bot lab right away.
  2. Get bot lab up and begin feeding early cons.
  3. Start advanced bot lab to rush T2 factory.
  4. Finish T2 factory and push advanced metal extractor by 5:29.
  5. Build Citadel, Platypus and Umbrella as anti-nuke defence transition.

Phase by phase

TYPICAL OF ITS 833 GAMES
  1. 1
  2. 2
  3. 3
  4. 4
PLAY THE OPENING

Follow the example game's first 6:00 step by step: what to build now, what comes next, and where it goes. At 1× it keeps pace with your own game.

  1. 1

    Up to the Bot Lab

    Economy
    • Metal Extractor3Mex
    • Wind Turbine4Wind
    Order
    1. Bot LabBot Lab after 3 mex, 4 winddone ~1:18, middle half 1:13–1:32

    Some games also: energy storage (30%)

    By 1:01 in all: 3 mex · 4 wind

    The example game in this phase · 4 steps
    1. Mex ×3
    2. Wind ×4
    3. Energy storage
    4. Bot LabBot Labdone 1:30 · typical 1:18
  2. 2

    Bot Lab to Advanced Bot Lab

    Economy
    • Metal Extractor1Mex
    • Wind Turbine8Wind
    • Energy Storage1Energy storage
    Order
    1. Advanced Bot LabAdvanced Bot Lab after 4 mex, 12 wind, 3 con turretdone ~4:15, middle half 4:04–4:28
    Builders
    • Construction Turret3 Con turret
    • Lazarus3 Lazarus
    • Construction Bot2 Con bot
    • Construction Bot1 Con bot for allies

    Some games also: converter (36%)

    By 3:19 in all: 4 mex · 12 wind · 1 energy storage · 3 con turret

    The example game in this phase · 14 steps
    1. Construction BotCon bot
    2. LazarusLazarus ×2
    3. Construction BotCon botfor Air
    4. LazarusLazarus
    5. Mex
    6. Con turret
    7. Construction BotCon bot
    8. Wind ×5
    9. Con turret
    10. Converter
    11. Con turret
    12. Converter
    13. Wind ×2
    14. Advanced Bot LabAdvanced Bot Labdone 4:17 · typical 4:15
  3. 3

    Advanced Bot Lab to 5:00

    Economy
    • Wind Turbine2Wind
    Builders
    • Advanced Construction Bot1 T2 con bot for allies

    Some games also: converter (35%)

    By 5:00 in all: 4 mex · 15 wind · 2 converter · 1 energy storage · 3 con turret

    The example game in this phase · 4 steps
    1. Advanced Construction BotT2 con botfor Geo
    2. Wind ×3
    3. Advanced Metal ExtractorT2 mex ×2done 5:10 · typical 5:29
    4. Wind
  4. 4

    5:00 to 10:00

    Economy
    • Wind Turbine44Wind
    • Energy Converter6Converter
    Builders
    • Butler8 Butler
    • Advanced Construction Bot4 T2 con bot for allies
    • Advanced Construction Bot1 T2 con bot

    Some games also: con turret (48%) · Butler for allies (37%)

    By 10:00 in all: 4 mex · 59 wind · 8 converter · 1 energy storage · 3 con turret

    The example game in this phase · 100 steps
    1. Wind ×3
    2. Advanced Construction BotT2 con botfor Air
    3. Wind ×4
    4. Advanced Metal ExtractorT2 mex
    5. Converter
    6. Wind ×2
    7. SharpshooterSniper botfor Ponddone 7:19
    8. Wind ×2
    9. Advanced Construction BotT2 con botfor Geo sea
    10. Wind ×6
    11. Advanced Construction BotT2 con botfor Beach sea
    12. Advanced Metal ExtractorT2 mex
    13. ButlerButler ×2
    14. Advanced Construction BotT2 con botfor Pond
    15. ButlerButler ×3
    16. Wind
    17. ButlerButler
    18. Wind ×2
    19. ButlerButler
    20. Converter
    21. Wind
    22. ButlerButler
    23. Wind ×3
    24. Converter
    25. Wind
    26. Con turret
    27. Wind ×3
    28. ButlerButlerfor Beach sea
    29. Wind ×3
    30. Con turret
    31. Wind ×4
    32. Con turret
    33. Wind
    34. Advanced Construction BotT2 con bot
    35. Wind ×3
    36. Converter
    37. Wind ×16
    38. Converter
    39. Wind ×4
    40. Converter
    41. Wind ×4
    42. Converter
    43. Wind ×5
    44. Converter
    45. Wind ×4
    46. Converter
    47. Wind ×5
    48. Converter
    49. Wind
    50. Con turret
    51. Wind ×11
    52. Con turret
    53. Wind ×9
    54. Converter
    55. Wind ×2
    56. RattlesnakeRattlesnakedone 13:07
    57. Wind ×2
    58. Con turret
    59. Wind ×16
    60. Converter
    61. Wind ×9
    62. Converter
    63. Wind ×2
    64. Converter
    65. Wind ×3
    66. Converter
    67. Wind ×3
    68. Converter
    69. Wind ×5
    70. Converter
    71. Con turret
    72. Wind ×8
    73. Converter
    74. Wind ×4
    75. Converter
    76. Wind
    77. Advanced Construction BotT2 con bot
    78. Wind ×4
    79. Con turret
    80. Wind ×14
    81. T2 converter
    82. Wind ×23
    83. Advanced Radar TowerAdvanced Radar Tower
    84. Wind ×14
    85. T2 converter
    86. Wind
    87. Con turret
    88. Wind ×5
    89. Vehicle PlantVehicle Plantnot finished by 15:00
    90. Wind ×11
    91. Pit BullPit Bull
    92. Wind ×7
    93. ArbalestArbalest
    94. Wind ×11
    95. Con turret
    96. Wind ×22
    97. Con turret
    98. Wind ×2
    99. T2 converter
    100. Wind ×12

Counts are medians over the build's games: half of them build more, half fewer. The example game is Adeus's (37 OS, 04/10/2026); pick another.

Team trades

IN AT LEAST 30% OF ITS GAMES

You hand over

  • Construction Bot1 Con bot to Airfirst at 2:22 · in 87% of games
  • Advanced Construction Bot5 T2 con bot to Air or Geo sea or Pondfirst at 4:48 · in 99% of games
  • Sharpshooter2 Sniper bot to Pondfirst at 5:21 · in 32% of games
  • Butler2 Butler to Geo sea or Beach sea or Pondfirst at 9:04 · in 41% of games

You get

  • Hercules1 Light transport from Airfirst at 4:00 · in 85% of games

How it plays out

Typical game of this build, running totals by minute

Metal produced

020k40k
0:005:0010:0015:00

metal

Enemy metal destroyed

0200400
0:005:0010:0015:00

metal

Own metal lost

0100200300
0:005:0010:0015:00

metal

958 games.

Show as table
ByMetal produced: This buildEnemy metal destroyed: This buildOwn metal lost: This build
1:0038300
2:0091600
3:00164300
4:00315600
5:00486400
6:00580500
7:00723000
8:00907900
9:001124800
10:001357600
11:001642100
12:001998800
13:002374500
14:002753685106
15:0031617313235
WHAT THE NUMBERS SAY

This is the role's textbook T2 rush, posting the highest metal production of any build shown (31617 by 15:00) with almost no early losses.

  • + T2 factory done by 4:15 in 97% of games, extremely consistent.
  • + Own metal lost is only 228 by 15:00, near untouched economy.
  • − Team win rate is the lowest of all builds shown at 53%, fast eco alone doesn't decide games.
THE EXAMPLE YOU ARE READING

Adeus

37.4 OS · 04/10/2026

Open source match ↗

1 received units
1543 metal received · 19382 energy received

Allied construction assistance is unknown. Timings are observations, not a promise of solo reproducibility.

Typical milestones

Bot Lab1:18Middle 50%: 1:13–1:32 · n=958
Advanced Bot Lab4:15Middle 50%: 4:04–4:28 · n=952
Advanced Metal Extractor5:29Middle 50%: 5:06–5:59 · n=956

Played most by

Amrissa101games of this buildKOT_45games of this buildSyphos40games of this buildAdeus39games of this buildTeaner34games of this build